 Dungeon Crawl Stone Soup version 0.31-a0-845-g9abc20d24f (webtiles) character file.

Game seed: 521385122112558228

279 Ethylacetat the Changeling (level 6, 0/5 HPs)
             Began as an Octopode Shapeshifter on Oct 3, 2023.
             Slain by a kobold
             ... wielding a +0 whip
              (2 damage)
             ... in a sewer.
             The game lasted 00:06:26 (2204 turns).

Ethylacetat the Changeling (Octopode Shapeshifter)  Turns: 2204, Time: 00:06:27

Health: 0/5        AC:  4    Str: 23    XL:     6   Next: 26%
Magic:  6/6        EV:  9    Int: 13    God:
Gold:   160        SH:  5    Dex: 25    Spells: 5/5 levels left

rFire   + +          .
                       - Unarmed
rCold   x . .        (shield currently unavailable)
rNeg    . . .        (helmet currently unavailable)
rPois   +            g - amulet of reflection
rElec   .            i - +6 ring of dexterity
rCorr   .            x - +6 ring of dexterity
SInv    .            (no ring)
Will    .....        (no ring)
Stlth   ++           (no ring)
HPRegen 0.20/turn    (no ring)
MPRegen 0.10/turn    (no ring)
                     (no ring)

%: reflection
@: dragon-form, flying
A: dragon claw, dragon scales, breathe fire, flying, reduced hp, almost no
armour, amphibious, 8 rings, giant, (camouflage 1), (gelatinous body 1), (nimble
swimmer 1), (tentacles)
a: Breathe Fire, Begin Untransformation


You were in a sewer.
You were a fearsome dragon!
You visited 1 branch of the dungeon, and saw 4 of its levels.
You also visited: Sewer.

You collected 160 gold pieces.

Inventory:

Jewellery
 g - an amulet of reflection (around neck)
 i - a +6 ring of dexterity (left foreclaw)
 x - a +6 ring of dexterity (right foreclaw)
Talismans
 b - a beast talisman
 s - a storm talisman
 t - a dragon-blood talisman (active)
Wands
 u - a wand of polymorph (6)
Scrolls
 c - a scroll of noise {unknown}
 d - a scroll of fear {unknown}
 e - a scroll of enchant weapon {unknown}
 j - a scroll of poison {unknown}
 l - 4 scrolls of identify {unknown}
 o - a scroll of enchant armour {unknown}
 q - a scroll of acquirement {unknown}
 r - a scroll of immolation {unknown}
 v - a scroll of vulnerability {unknown}
 w - a scroll of revelation {unknown}
Potions
 a - 2 potions of lignification
 f - a potion of might {unknown}
 h - a potion of haste {unknown}
 k - a potion of degeneration {unknown}
 m - a potion of brilliance {unknown}
 n - a potion of heal wounds {unknown}
 p - a potion of curing {unknown}


   Skills:
 - Level 2.3 Fighting
 - Level 2.9 Dodging
 - Level 3.7 Unarmed Combat
 + Level 5.2 Shapeshifting


You had 5 spell levels left.
You didn't know any spells.
Your spell library contained the following spells:

 Spells                   Type           Power      Damage    Failure   Level
 Blink                    Tloc           0%         N/A       43%         2
 Lesser Beckoning         Tloc           0%         N/A       43%         2
 Momentum Strike          Conj/Tloc      0%         3d8       43%         2
 Volatile Blastmotes      Fire/Tloc      0%         2d10      67%         3
 Fulminant Prism          Conj/Hex       0%         3d5       97%         4
 Iskenderun's Mystic Bla  Conj/Tloc      0%         2d3       97%         4


Dungeon Overview and Level Annotations

Branches:
Dungeon (4/15)              Sewer (1/1)
 Temple: D:4-7

Altars:
Ashenzari
Elyvilon
Trog
Uskayaw
Vehumet
Zin

Shops:
D:1 !


Innate Abilities, Weirdness & Mutations

You are a fearsome dragon!
You have a powerful clawing attack.
Your giant scaled body is strong and resilient, but less evasive.
You can breathe fire.
You are flying.
Your maximum health is decreased, since you lack skill for your form.
Your armour is entirely melded.
You are incapable of wielding weapons or throwing items.
You cannot wear most types of armour.
You are amphibious.
You can wear up to eight rings at the same time.
((Your skin changes colour to match your surroundings (Stealth+).))
((Your rubbery body absorbs attacks. (AC +1, EV +1)))
((You are camouflaged when in or above water. (Stealth+)))
((You have tentacles for arms and can constrict up to eight enemies at once.))


Message History

You kill the quokka!
You tentacle-slap the quokka. You grab the quokka.
You squeeze the quokka, but do no damage.
The quokka is almost dead.
You constrict the quokka.
You kill the quokka!
No target in view!
There is a glowing drain here.
The world spins around you as you enter the gateway.
You enter a sewer!
Found a gate leading back out of this place.
There is an empty arch of ancient stone here.
You enter the shallow water.
You open the door.
Found a book of Blasting.
There is an open door here.
You pick up a book of Blasting and begin reading...
You add the spells Volatile Blastmotes, Fulminant Prism and Iskenderun's Mystic Blast to your library.
There is an open door here.
You open the door.
A bat comes into view.
There is an open door here.
The helpless bat fails to defend itself.
You bludgeon the bat!
You kill the bat!
You begin transforming.
You continue transforming. x3
Your transformation has ended.
You turn into a fearsome dragon!
HP restored.
You reach down and open the door.
A kobold comes into view. It is wielding a +0 whip.
The kobold shouts!
You block the kobold's attack.
There is an open door here.
You barely miss the kobold.
Your tail-slap misses the kobold.
The kobold hits you with a +0 whip.
Ouch! That really hurt!
Unknown command.
You barely miss the kobold.
Your tail-slap misses the kobold.
The kobold hits you with a +0 whip.
You die...

############
#.##.##.##∩#
#K##†##.##.#
#D##'##'##.##+##+#
#.................
~~~~~#~~~~~~~~~.~~~~~~~
≈≈≈≈≈#≈≈≈≈≈≈≈≈≈∩≈≈≈≈≈≈≈
~~~~~#~~~~~~~~~.~~~~~~~
######.................
#+##+##+##+##+##+#


You could see a kobold.

Vanquished Creatures
  A water moccasin (D:4)
  Terence (D:3)
  An iguana (D:4)
  5 adders
  2 worms
  4 orcs (D:3)
  7 endoplasms
  4 giant cockroaches
  2 goblins
  6 hobgoblins
  2 jackals (D:4)
  5 quokkas
  7 ball pythons
  8 bats
  4 frilled lizards
  7 kobolds
  4 rats
70 creatures vanquished.

Vanquished Creatures (others)
  A ballistomycete spore (D:4)
1 creature vanquished.

Grand Total: 71 creatures vanquished

Notes
Turn   | Place    | Note
-------+----------+-------------------------------------------
     0 | D:1      | Ethylacetat the Octopode Shapeshifter began the quest for
                  | the Orb.
     0 | D:1      | Reached XP level 1. HP: 13/13 MP: 1/1
    47 | D:1      | Found a faded altar of an unknown god.
   205 | D:1      | Reached XP level 2. HP: 12/18 MP: 2/2
   427 | D:1      | Found Ommobam's Distillery.
   939 | D:2      | Reached XP level 3. HP: 20/23 MP: 3/3
   961 | D:2      | Found a radiant altar of Vehumet.
  1384 | D:3      | Reached XP level 4. HP: 29/29 MP: 4/4
  1411 | D:3      | Noticed Terence
  1416 | D:3      | Killed Terence
  1452 | D:3      | Found a glowing silver altar of Zin.
  1452 | D:3      | Found a hide-covered altar of Uskayaw.
  1454 | D:3      | Found a broken altar of Ashenzari.
  1486 | D:3      | Reached skill level 4 in Shapeshifting
  1640 | D:3      | Found a white marble altar of Elyvilon.
  1652 | D:3      | Reached XP level 5. HP: 33/34 MP: 5/5
  1925 | D:4      | Noticed a water moccasin
  1945 | D:4      | Killed a water moccasin
  1946 | D:4      | Reached skill level 5 in Shapeshifting
  1946 | D:4      | Reached XP level 6. HP: 28/39 MP: 6/6
  2057 | D:4      | Found a bloodstained altar of Trog.
  2165 | D:4      | Found a glowing drain.
  2179 | Sewer    | Entered a sewer
  2204 | Sewer    | Slain by a kobold

Illustrated notes

Levels and vault maps discovered:
D:1:      minmay_arrival_three_doors, layout_basic, serial_shops,
          nicolae_shop_industrial_runoff, basic_ecumenical_altar
D:2:      wander_river, layout_rooms, basic_altar, lightli_corner_chamber
D:3:      layout_rooms, nicolae_overflow_hidden_temple, serial_curves,
          eino_curves_02, eino_curves_03, eino_curves_02, minmay_misc_feat_x,
          uniq_terence
D:4:      layout_loops_ring, nicolae_overflow_crystal_walls,
          gup_sewer_entry_pipe, serial_shops, nicolae_shop_advertising_works
          [nicolae_subvault_shop_adworks]
Sewer:    kennysheep_door_sewer

Skill      XL: |  1  2  3  4  5 |
---------------+----------------+-----
Fighting       | 2 |  2.3
Shapeshifting  | 4 5 |  5.2
Dodging        | |  2.9
Unarmed Combat | |  3.7

Action                     |  1- 3 |  4- 6 || total
---------------------------+-------+-------++-------
  Melee: Unarmed           |    68 |    81 ||   149
         Constrict         |    16 |    19 ||    35
         Tentacles         |    14 |    16 ||    30
         Punch             |     1 |     2 ||     3
  Evoke: Wand              |       |     1 ||     1
    Use: Potion            |       |     1 ||     1
   Stab: Sleeping          |     7 |     8 ||    15
         Distracted        |       |     1 ||     1
 Armour: Skin              |    27 |    57 ||    84
  Dodge: Dodged            |    31 |    25 ||    56
  Block: Other             |     5 |    14 ||    19
         Reflection        |     1 |       ||     1
   Form: Dragon            |       |     1 ||     1

Table legend: (Time is in decaauts)
 A = Elapsed time spent in this place.
 B = Non-inter-level travel time spent in this place.
 C = Inter-level travel time spent in this place.
 D = Time resting spent in this place.
 E = Time spent auto-exploring this place.
 F = Levels seen in this place.
 G = Mean time per level.
                   A        B        C        D        E       F      G
               +--------+--------+--------+--------+--------+-----+--------+
         Total |   2195 |   2136 |     59 |     76 |   1460 |   5 |  439.0 |
       Dungeon |   2170 |   2111 |     59 |     76 |   1460 |   4 |  542.5 |
         Sewer |     24 |     24 |      0 |      0 |      0 |   1 |   24.0 |
               +--------+--------+--------+--------+--------+-----+--------+

Top non-repeatable levels by time:
     D:1: 781 daAuts
     D:2: 601 daAuts
     D:3: 462 daAuts
     D:4: 325 daAuts
   Sewer: 24 daAuts
